Cogmind - Beta 15 @@@ ROGUE MODE // 2025.09.24 @ 20:02:39 Player: winnking222 Result: Destroyed by B-75 Beast with Heavy Plasma Cannon Performance ------------- Evolutions (2) 1000 Regions Visited (10) 2000 Robots Destroyed (185) 925 Value Destroyed (5866) 5866 Prototype IDs (5) 100 Alien Tech Used (0) 0 Bonus (2251) 2251 TOTAL SCORE: 12142 Bonus ------- High Alert Combat Kills 769 Follower Combat Kills 82 Entered Garrisons 400 Used RIF Installer 1000 Cogmind --------- Core Integrity 0/550 Matter 134/300 Energy 89/100 System Corruption 2% Temperature Cool (12) Movement Core (800) Ox15 Location -8/Garrison Parts ------- > --- POWER (1) -------- (None) > --- PROPULSION (3) --- (None) > --- UTILITY (4) ------ High-capacity Storage Unit Relay Coupler [Grunt] (26) > --- WEAPON (3) ------- High-powered Shotgun Rocket Launcher > --- INVENTORY (20) --- High-capacity Matter Pod (200) Relay Coupler [NC] (36) Relay Coupler [NC] (29) Relay Coupler [Swarmer] (39) Relay Coupler [Grunt] (21) Relay Coupler [Sentry] (28) Relay Coupler [Sentry] (18) Relay Coupler [Sentry] (17) Relay Coupler [Sentry] (17) Relay Coupler [Hunter] (20) Enhanced Autogun Remote Datajack Fusion Bomb Trap Fusion Bomb Trap Fusion Bomb Trap Peak State ------------ > --- POWER ------------ Light Nuclear Core > --- PROPULSION ------- Light Treads Light Treads Light Treads > --- UTILITY ---------- Improved Heat Sink High-capacity Storage Unit Improved Light Armor Plating Relay Coupler [Grunt] > --- WEAPON ----------- Improved Assault Rifle Enhanced Autogun Gauss Rifle > --- INVENTORY -------- Light Nuclear Core High-capacity Matter Pod Medium Armor Plating Relay Coupler [NC] Relay Coupler [NC] Relay Coupler [Swarmer] Relay Coupler [Grunt] Relay Coupler [Sentry] Relay Coupler [Sentry] Relay Coupler [Hunter] High-powered Shotgun High-powered Shotgun High-powered Shotgun High-powered Shotgun Enhanced Autogun Rocket Launcher Remote Datajack Fusion Bomb Trap Fusion Bomb Trap Fusion Bomb Trap [Rating: 32] Favorites ----------- Power Improved Ion Engine Engine Improved Ion Engine Power Core Light Nuclear Core Propulsion Light Treads Treads Light Treads Leg Aluminum Leg Wheel Compact Wheel Hover Unit Aerolev Unit Utility High-capacity Storage Unit Device Seismic Detector Storage High-capacity Storage Unit Processor Advanced Visual Processing Unit Hackware Relay Coupler [Grunt] Protection Improved Light Armor Plating Weapon Improved Assault Rifle Energy Gun Spread Laser Ballistic Gun Improved Assault Rifle Launcher Rocket Launcher Special Weapon Remote Datajack Slashing Weapon Chainsword Build | -11 -10 -10 -9 -9 -9 -8 -8 -8 -8 -8 ------- Run | Yrd Mat Min Mat Min Exi Min Mat Gar Mat Gar Slots Evolved 4 | . . . 2 . . . 2 . . . Power . | . . . . . . . . . . . Propulsion 1 | . . . 1 . . . . . . . Utility 2 | . . . . . . . 2 . . . Weapon 1 | . . . 1 . . . . . . . Parts Attached 119 | 7 7 5 31 4 . 4 24 14 10 13 Power 16 | 1 2 1 6 . . . 2 1 . 3 Engine 13 | 1 2 1 6 . . . 2 1 . . Core 3 | . . . . . . . . . . 3 Reactor . | . . . . . . . . . . . Propulsion 37 | 2 . 2 8 2 . 1 8 7 6 1 Treads 30 | 2 . . 5 1 . 1 7 7 6 1 Leg 4 | . . 1 3 . . . . . . . Wheel 2 | . . 1 . 1 . . . . . . Hover 1 | . . . . . . . 1 . . . Flight . | . . . . . . . . . . . Utility 28 | 2 3 . 7 . . . 7 3 3 3 Device 4 | 1 1 . 1 . . . . . . 1 Storage 5 | 1 2 . 1 . . . . . 1 . Processor 2 | . . . 1 . . . 1 . . . Hackware 3 | . . . . . . . . 2 . 1 Protection 14 | . . . 4 . . . 6 1 2 1 Artifact . | . . . . . . . . . . . Weapon 38 | 2 2 2 10 2 . 3 7 3 1 6 Energy Gun 2 | . . . 2 . . . . . . . Energy Cannon . | . . . . . . . . . . . Ballistic Gun 32 | 2 2 1 8 1 . 3 7 1 1 6 Ballistic Cannon . | . . . . . . . . . . . Launcher 2 | . . 1 . 1 . . . . . . Special Weapon 1 | . . . . . . . . 1 . . Impact Weapon . | . . . . . . . . . . . Slashing Weapon 1 | . . . . . . . . 1 . . Piercing Weapon . | . . . . . . . . . . . Special Melee Weapon . | . . . . . . . . . . . Unidentified Prototypes 5 | . . . 3 . . . 2 . . . Parts Lost 35 | . 2 3 5 2 . 1 3 2 2 15 Power 6 | . . 1 1 . . . 1 . . 3 Propulsion 13 | . . 2 1 1 . 1 2 1 1 4 Utility 6 | . 1 . . . . . . 1 1 3 Weapon 10 | . 1 . 3 1 . . . . . 5 Highest Loss Streak 9 | . 1 2 2 1 . 1 2 1 2 9 To Critical Strikes . | . . . . . . . . . . . Average Backups 18 | 6 16 19 19 19 19 19 19 19 16 15 Power 1 | . 1 . 1 2 4 5 3 . . . Propulsion 2 | 3 4 2 3 3 3 2 2 2 2 . Utility 5 | . 2 3 5 7 6 6 6 8 7 8 Weapon 7 | 1 8 12 9 6 6 6 8 7 6 4 Tool/Special . | . . . . . . . . . . . Unused Backups 47 | . 2 . 11 1 2 1 11 9 . 10 Power 5 | . . . . . . . 4 1 . . Propulsion 3 | . . . . . . . 2 1 . . Utility 22 | . . . 5 . 1 . 2 4 . 10 Weapon 17 | . 2 . 6 1 1 1 3 3 . . Tool/Special . | . . . . . . . . . . . Average Slot Usage (%) 98 | . 96 98 98 99 100 99 99 99 99 92 Engine 9 | . 14 13 10 11 11 11 8 9 9 1 Treads 23 | . 28 10 18 25 22 32 26 26 27 23 Leg 2 | . . 3 12 . . . . . . . Wheel 1 | . . 13 1 6 10 . . . . . Device 3 | . 10 14 1 . . . . . . 8 Storage 10 | . 14 14 11 11 11 11 9 9 9 9 Processor 3 | . . . 3 . . . 8 5 . . Hackware 1 | . . . . . . . . 4 9 9 Protection 10 | . . . 5 11 11 11 17 17 17 8 Ballistic Gun 27 | . 28 27 31 32 33 33 26 19 20 26 Peak Build Rating 32 | 7 10 10 20 20 20 23 30 31 30 32 Average Rating 21 | 6 8 9 15 19 19 20 28 29 28 28 On Entrance 17 | . 7 10 9 20 19 20 23 30 29 25 Naked Turns . | . . . . . . . . . . . Heaviest Build 72 | 11 49 49 62 63 60 63 72 68 66 62 Greatest Support 60 | 40 40 16 60 60 60 60 60 60 60 60 Greatest Overweight (x) 15 | . 1 3 3 6 5 1 6 1 1 15 Average Overweight (x) 1 | . . 3 1 3 4 . 1 1 . . Largest Inventory Capacity 20 | 8 20 20 20 20 20 20 20 20 20 20 Average Capacity 19 | 7 17 20 20 20 20 20 20 20 20 20 Most Carried 20 | 8 20 20 20 20 20 20 20 20 20 20 Average Carried 18 | 6 16 19 19 19 19 19 19 19 19 18 Final Capacity 20 | 8 20 20 20 20 20 20 20 20 20 20 Final Carried 20 | 7 20 18 20 19 20 19 20 20 20 15 Class Distribution -------------------- 24% | Scavenger-Tank 24% | Tank 19% | Mutant 13% | Bothacker-Tank 7% | Bothacker-Mutant 4% | Gunner 3% | Scavenger-Skirmisher Dominant Class ---------------- Mutant | -10/Materials Mutant | -10/Mines Scavenger-Tank | -9/Materials Tank | -9/Mines Tank | -9/Exiles Scavenger-Tank | -8/Mines Tank | -8/Materials Tank | -8/Garrison Bothacker-Tank | -8/Materials Bothacker-Tank | -8/Garrison Resources | -11 -10 -10 -9 -9 -9 -8 -8 -8 -8 -8 ----------- Run | Yrd Mat Min Mat Min Exi Min Mat Gar Mat Gar Matter Collected 6012 | 255 412 190 1174 150 7 220 1048 1218 404 934 Remotely . | . . . . . . . . . . . Salvage Created 6718 | 53 406 87 1851 170 . 258 1811 1140 531 411 Parts 414 | 8 27 8 125 11 . 28 101 60 28 18 Haulers Intercepted 11 | . . . 5 . . . 5 . 1 . Recyclers Shooed 7 | . 1 . 3 . . . 3 . . . Parts Field Recycled . | . . . . . . . . . . . Retrieved Matter . | . . . . . . . . . . . Parts Self-Destructed . | . . . . . . . . . . . Prevented . | . . . . . . . . . . . Kills | -11 -10 -10 -9 -9 -9 -8 -8 -8 -8 -8 ------- Run | Yrd Mat Min Mat Min Exi Min Mat Gar Mat Gar Combat Hostiles Destroyed 145 | . 11 7 39 4 . 12 29 25 9 9 Guns 143 | . 11 5 39 4 . 12 29 25 9 9 AOE 2 | . . 2 . . . . . . . . Classes Destroyed 13 | 2 4 2 3 . . 1 . 1 . . Worker 8 | 1 . . 2 1 . 2 . . 2 . Tunneler 4 | 2 . . 2 . . . . . . . Hauler 11 | . . . 5 . . . 5 . 1 . Recycler 9 | . 1 . 2 1 . . 5 . . . Watcher 9 | . 1 . 5 . . . 3 . . . Swarmer 56 | . 5 3 16 3 . 11 10 8 . . Grunt 51 | . 6 2 14 1 . . 10 6 7 5 Brawler 1 | . . . 1 . . . . . . . Sentry 26 | . . . 8 . . . 8 8 2 . Demolisher 1 | . . 1 . . . . . . . . Hunter 3 | . . . . . . 1 1 . . 1 Programmer 6 | . . . . . . . . 3 . 3 Assembled 2 | . . 1 . 1 . . . . . . Best Kill Streak 8 | 1 3 3 6 5 . 7 8 5 5 2 Combat Bots Only 7 | . 3 3 5 3 . 7 6 5 4 2 Max Kills in Single Turn 2 | 1 1 2 2 1 . 2 1 1 1 1 Gunslinging 1 | . . . 1 . . 1 . . . . Exploded 1 | . . 1 . . . . . . . . Melee . | . . . . . . . . . . . Uniques/NPCs Destroyed . | . . . . . . . . . . . Combat | -11 -10 -10 -9 -9 -9 -8 -8 -8 -8 -8 -------- Run | Yrd Mat Min Mat Min Exi Min Mat Gar Mat Gar Hostile Shots Fired 703 | . 71 24 141 15 . 49 121 102 69 111 Missed 172 | . 17 5 33 3 . 10 36 23 17 28 Hits 531 | . 54 19 108 12 . 39 85 79 52 83 Melee 3 | . . . 1 . . . . . 2 . Projectile 528 | . 54 19 107 12 . 39 85 79 50 83 AOE 2 | . . 2 . . . . . . . . Critical Strikes 13 | . 2 . 1 . . 1 2 3 3 1 Damage Taken 7949 | . 544 327 1276 188 . 383 1100 1281 993 1857 Core 914 | . 64 63 168 11 . 35 81 150 49 293 Absorbed by Shields . | . . . . . . . . . . . Core Remaining (%) 65 | 100 . 49 . . . 46 . . . . Volleys Fired 559 | 9 60 18 127 15 1 25 82 112 35 75 Largest 3 | 2 2 2 3 3 3 3 3 3 3 3 Hottest 108 | 40 40 50 108 69 66 66 74 71 71 76 Shots Fired 1495 | 18 119 36 375 33 3 75 246 307 98 185 Gun 1477 | 18 119 27 375 31 3 75 246 303 96 184 Cannon . | . . . . . . . . . . . Launcher 12 | . . 9 . 2 . . . . . 1 Special 6 | . . . . . . . . 4 2 . Kinetic 1463 | 18 119 27 361 31 3 75 246 303 96 184 Thermal 14 | . . . 14 . . . . . . . Explosive 12 | . . 9 . 2 . . . . . 1 Electromagnetic . | . . . . . . . . . . . Robot Hit Streak 51 | 8 11 6 15 5 . 13 26 51 7 20 Robot Miss Streak 8 | 1 6 2 7 3 . 3 4 3 2 8 Penetration Max 1 | . . . . . . . 1 . . . Secondary Targets 25 | . 2 1 7 1 . 1 5 6 . 2 Max Gunslinging Chain 2 | . 1 1 2 1 . 1 1 1 . 1 Shots Hit Robots 905 | 14 71 17 236 15 . 47 154 204 61 86 Core Hits 366 | 6 26 13 102 8 . 19 70 72 23 27 Critical Kills 2 | . 1 . . . . . . . 1 . Critical Parts Destroyed 9 | . 1 . 3 . . . 2 3 . . Critical Strikes 11 | . 2 . 3 . . . 2 3 1 . Destroy 11 | . 2 . 3 . . . 2 3 1 . Melee Attacks 6 | . . . . . . . . 6 . . Impact . | . . . . . . . . . . . Slashing 6 | . . . . . . . . 6 . . Piercing . | . . . . . . . . . . . Sneak Attacks . | . . . . . . . . . . . Combat Hostiles . | . . . . . . . . . . . Follow-up Attacks . | . . . . . . . . . . . Damage Inflicted 12736 | 133 651 482 2995 236 . 559 2594 2469 951 1666 Guns 12268 | 104 649 164 2952 213 . 559 2592 2469 946 1620 Cannons . | . . . . . . . . . . . Explosions 384 | . . 318 . 20 . . . . . 46 Melee . | . . . . . . . . . . . Ramming 84 | 29 2 . 43 3 . . 2 . 5 . Kinetic 12122 | 104 649 164 2806 213 . 559 2592 2469 946 1620 Thermal 146 | . . . 146 . . . . . . . Explosive 384 | . . 318 . 20 . . . . . 46 Electromagnetic . | . . . . . . . . . . . Impact . | . . . . . . . . . . . Slashing . | . . . . . . . . . . . Piercing . | . . . . . . . . . . . Highest Corruption 2 | . . . . . . . . 1 1 2 Average Corruption 1 | . . . . . . . . 1 1 1 Corruption Purged . | . . . . . . . . . . . Corruption Blocked . | . . . . . . . . . . . Effects 33 | . . . . . . . . 16 4 13 Message Errors 9 | . . . . . . . . 3 1 5 Matter Fused 5 | . . . . . . . . 4 . 1 Heat Flow Errors 3 | . . . . . . . . 3 . . Energy Discharges 4 | . . . . . . . . 1 1 2 Data Loss (minor) 5 | . . . . . . . . 1 2 2 Data Loss (major) 3 | . . . . . . . . 2 . 1 Misfires 2 | . . . . . . . . 1 . 1 Alerts 1 | . . . . . . . . 1 . . Weapon Failures 1 | . . . . . . . . . . 1 Overload Shots . | . . . . . . . . . . . Overflow Damage 21 | . . 9 . 12 . . . . . . Projectiles . | . . . . . . . . . . . Explosions 21 | . . 9 . 12 . . . . . . Melee . | . . . . . . . . . . . Knockbacks . | . . . . . . . . . . . Impact . | . . . . . . . . . . . Kinetic . | . . . . . . . . . . . Secondary . | . . . . . . . . . . . Self-Inflicted Damage 148 | . . 59 7 82 . . . . . . Shots 4 | . . 2 . 2 . . . . . . Rammed 23 | 13 . . 4 2 . . 2 . 2 . Targets Rammed 27 | 14 1 . 4 2 . . 2 . 4 . Kicked . | . . . . . . . . . . . Crushed 4 | 1 1 . . . . . . . 2 . Highest Temperature 270 | . 36 8 146 36 15 90 180 270 145 24 Average Temperature 46 | . 12 4 24 16 10 37 60 67 49 6 Received Heat Transfer 2295 | . 204 63 366 . . . 396 450 441 375 Effects 3 | . . . . . . . . 3 . . Interference 3 | . . . . . . . . 3 . . Siege Activations . | . . . . . . . . . . . Martial Activations . | . . . . . . . . . . . Shielding Activations . | . . . . . . . . . . . Robots Disrupted . | . . . . . . . . . . . Combat Hostiles . | . . . . . . . . . . . Robots Corrupted . | . . . . . . . . . . . Combat Hostiles . | . . . . . . . . . . . Parts Fried . | . . . . . . . . . . . Impact Corruptions . | . . . . . . . . . . . Robots Melted . | . . . . . . . . . . . Combat Hostiles . | . . . . . . . . . . . Parts Melted . | . . . . . . . . . . . Heat Transferred 185 | . . . 185 . . . . . . . Parts Sabotaged . | . . . . . . . . . . . Parts Stolen . | . . . . . . . . . . . Parts Stripped . | . . . . . . . . . . . Power Chain Reactions . | . . . . . . . . . . . Alert | -11 -10 -10 -9 -9 -9 -8 -8 -8 -8 -8 ------- Run | Yrd Mat Min Mat Min Exi Min Mat Gar Mat Gar Maximum Alert Level 4 | . . . 2 1 . . 2 4 3 3 Low Security (%) 45 | 100 100 100 33 83 . 100 48 . . . Level 1 18 | . . . 29 16 . . 48 8 . . Level 2 15 | . . . 36 . . . 2 14 25 45 Level 3 13 | . . . . . . . . 36 74 54 Level 4 7 | . . . . . . . . 41 . . Level 5 . | . . . . . . . . . . . High Security . | . . . . . . . . . . . Max Security . | . . . . . . . . . . . Peak Influence 1579 | 5 94 91 654 250 . 130 405 1579 863 838 Initial 769 | . . . 3 250 . . 20 259 769 524 Average 376 | . 14 27 298 107 . 63 185 1011 738 706 Influence Increases 5199 | 15 288 234 1247 115 . 290 908 1400 320 382 Destroy 0b10 Robot/C 2940 | . 220 120 780 60 . 240 580 560 200 180 Destroy 0b10 Robot/NC 215 | 15 10 . 80 10 . 10 65 10 15 . Destroy Leader 560 | . 42 30 200 10 . 40 156 30 32 20 Allied During Kill 34 | . . . . 4 . . . 27 3 . Trap Triggered on 0b10 10 | . . . . . . . . . . 10 Successful Hack 111 | . 14 . 31 . . . 42 . 10 14 Disable Machine 210 | . . 30 45 . . . . 60 . 75 Anti-Garrison Action 650 | . . . . . . . . 600 . 50 Destroy Structure 154 | . 2 54 6 16 . . 5 53 . 18 Partial Spotted 15 | . . . 15 . . . . . . . Lose Combat Pursuer 300 | . . . 90 15 . . 60 60 60 15 Influence Decreases 4443 | 15 288 223 616 738 19 238 561 220 1092 433 Entered New Map 1684 | . . . 8 392 19 . 32 140 810 283 Time Decay 2339 | 15 268 203 558 326 . 228 519 . 222 . Lost Part 320 | . 20 20 50 20 . 10 10 20 20 150 Lost Ally 100 | . . . . . . . . 60 40 . Squads Dispatched 10 | . 1 . 5 . . . 3 . 1 . Investigation 3 | . . . 2 . . . 1 . . . Extermination . | . . . . . . . . . . . Reinforcement 5 | . 1 . 3 . . . 1 . . . Assault 1 | . . . . . . . . . 1 . Garrison 1 | . . . . . . . 1 . . . Intercept . | . . . . . . . . . . . Searches Triggered . | . . . . . . . . . . . Construction Impeded . | . . . . . . . . . . . Haulers Reinforced . | . . . . . . . . . . . Active Scanning Responses . | . . . . . . . . . . . Cargo Convoy Interrupts . | . . . . . . . . . . . Stealth | -11 -10 -10 -9 -9 -9 -8 -8 -8 -8 -8 --------- Run | Yrd Mat Min Mat Min Exi Min Mat Gar Mat Gar Distress Signals 19 | . 2 . 6 1 . . 5 . 5 . Communications Jammed . | . . . . . . . . . . . Distress Signals . | . . . . . . . . . . . Times Spotted 224 | . 23 15 54 5 . 12 48 32 23 12 Peak Tracking Total 10 | . 6 7 5 4 . 4 5 5 10 3 Tactical Retreats 15 | . . . 4 1 . . 4 2 3 1 Traps | -11 -10 -10 -9 -9 -9 -8 -8 -8 -8 -8 ------- Run | Yrd Mat Min Mat Min Exi Min Mat Gar Mat Gar Traps Triggered 11 | . . . 2 . . . 1 4 1 3 Indirectly . | . . . . . . . . . . . Trap Hack Attempts . | . . . . . . . . . . . Triggered . | . . . . . . . . . . . Disarmed . | . . . . . . . . . . . Reprogrammed . | . . . . . . . . . . . Reused 1 | . . . . . . . . . . 1 Traps Extracted . | . . . . . . . . . . . Installed 1 | . . . . . . . . . . 1 Triggered 1 | . . . . . . . . . . 1 Most Traps Carried 4 | . . . . . . . . 3 3 4 Machines | -11 -10 -10 -9 -9 -9 -8 -8 -8 -8 -8 ---------- Run | Yrd Mat Min Mat Min Exi Min Mat Gar Mat Gar Machines Disabled 20 | . . 2 3 . . . . 9 . 6 Max in Single Turn 2 | . . 2 1 . . . . 2 . 1 Garrison Relay 4 | . . . . . . . . 3 . 1 Phase Generator 1 | . . . . . . . . 1 . . Machines Repaired . | . . . . . . . . . . . Machines Dismantled . | . . . . . . . . . . . Machines Sabotaged . | . . . . . . . . . . . Overloaded Fab Kills . | . . . . . . . . . . . Hacking | -11 -10 -10 -9 -9 -9 -8 -8 -8 -8 -8 --------- Run | Yrd Mat Min Mat Min Exi Min Mat Gar Mat Gar Machines Accessed 28 | . 5 . 7 . 1 . 9 2 3 1 Terminals 25 | . 5 . 7 . . . 8 2 2 1 Fabricators . | . . . . . . . . . . . Repair Stations . | . . . . . . . . . . . Recycling Units . | . . . . . . . . . . . Scanalyzers . | . . . . . . . . . . . Garrison Access 2 | . . . . . . . 1 . 1 . Total Hacks 66 | . 10 . 16 . 1 . 22 7 9 1 Successful 43 | . 10 . 12 . 1 . 14 1 4 1 Failed 23 | . . . 4 . . . 8 6 5 . Catastrophic 1 | . . . . . . . . 1 . . Database Lockouts . | . . . . . . . . . . . Manual 44 | . 8 . 13 . . . 18 . 5 . Terminals 62 | . 10 . 16 . . . 20 7 8 1 Fabricators . | . . . . . . . . . . . Repair Stations . | . . . . . . . . . . . Recycling Units . | . . . . . . . . . . . Scanalyzers . | . . . . . . . . . . . Garrison Access 3 | . . . . . . . 2 . 1 . Terminal Hacks 10 | . 2 . 3 . 1 . 1 1 1 1 Record 1 | . . . . . 1 . . . . . Emergency Access Points 2 | . 1 . . . . . . . . 1 Locate Traps 1 | . . . 1 . . . . . . . Hauler Manifests 3 | . . . 1 . . . 1 . 1 . Zone Layout 2 | . 1 . 1 . . . . . . . Patrol Navigation 1 | . . . . . . . . 1 . . Fabricator Hacks . | . . . . . . . . . . . Repair Station Hacks . | . . . . . . . . . . . Recycling Unit Hacks . | . . . . . . . . . . . Scanalyzer . | . . . . . . . . . . . Garrison Access Hacks 2 | . . . . . . . 1 . 1 . Unlock Access 2 | . . . . . . . 1 . 1 . Unauthorized Hacks 31 | . 8 . 9 . . . 12 . 2 . Terminals 31 | . 8 . 9 . . . 12 . 2 . Botnet 11 | . 3 . 3 . . . 4 . 1 . Operators 1 | . . . . . . . 1 . . . Skim 19 | . 5 . 6 . . . 7 . 1 . Fabricators . | . . . . . . . . . . . Repair Stations . | . . . . . . . . . . . Recycling Units . | . . . . . . . . . . . Scanalyzers . | . . . . . . . . . . . Garrison Access . | . . . . . . . . . . . Data Cores Recovered . | . . . . . . . . . . . Used . | . . . . . . . . . . . Hacking Detections 15 | . 2 . 4 . . . 5 2 2 . Full Trace Events 5 | . . . 2 . . . . 2 1 . Feedback Events . | . . . . . . . . . . . Feedback Blocked . | . . . . . . . . . . . Robot Schematics Acquired . | . . . . . . . . . . . Robots Built . | . . . . . . . . . . . Authchips . | . . . . . . . . . . . Time . | . . . . . . . . . . . Total Robot Build Rating . | . . . . . . . . . . . Part Schematics Acquired . | . . . . . . . . . . . Parts Built . | . . . . . . . . . . . Authchips . | . . . . . . . . . . . Time . | . . . . . . . . . . . Total Part Build Rating . | . . . . . . . . . . . Parts Repaired . | . . . . . . . . . . . Time . | . . . . . . . . . . . Parts Recycled . | . . . . . . . . . . . Recycled Matter . | . . . . . . . . . . . Retrieved Matter . | . . . . . . . . . . . Retrieved Components . | . . . . . . . . . . . Parts Scanalyzed . | . . . . . . . . . . . Part Schematics Acquired . | . . . . . . . . . . . Parts Damaged . | . . . . . . . . . . . Bothacking | -11 -10 -10 -9 -9 -9 -8 -8 -8 -8 -8 ------------ Run | Yrd Mat Min Mat Min Exi Min Mat Gar Mat Gar Used RIF Installer 2 | . . . . . . . . 1 . 1 Alert ID Control 1 | . . . . . . . . . . 1 Robots Hacked 4 | . . . . . . . . 3 1 . Non-combat . | . . . . . . . . . . . Combat 4 | . . . . . . . . 3 1 . Robot Hacks Applied 4 | . . . . . . . . 3 1 . go_dormant 1 | . . . . . . . . 1 . . overwrite_iff 1 | . . . . . . . . 1 . . formatsys_high 2 | . . . . . . . . 1 1 . Relay Couplers Released 22 | . . . . . . . . 13 . 9 Machine Destruction 18 | . . . . . . . . 13 . 5 Programmers 4 | . . . . . . . . . . 4 Attached 3 | . . . . . . . . 2 . 1 Fabnet Peak Effective % . | . . . . . . . . . . . Robots Rewired 2 | . . . . . . . . 2 . . Allies Hacked . | . . . . . . . . . . . Hacks Repelled . | . . . . . . . . . . . Allies | -11 -10 -10 -9 -9 -9 -8 -8 -8 -8 -8 -------- Run | Yrd Mat Min Mat Min Exi Min Mat Gar Mat Gar Total Allies 8 | . . . . 3 . . . 4 1 . Largest Group 3 | . . . . 3 1 1 . 2 1 . Highest-Rated Group 62 | . . . . 40 16 16 . 62 29 . Highest-Rated Ally 31 | . . . . 16 16 16 . 31 29 . Total Orders . | . . . . . . . . . . . Ally Attacks 35 | . . . . . . 2 . 24 9 . Total Damage 444 | . . . . . . . . 332 112 . Kills 4 | . . . . . . . . 3 1 . Allies Corrupted . | . . . . . . . . . . . Allies Melted . | . . . . . . . . . . . Intel | -11 -10 -10 -9 -9 -9 -8 -8 -8 -8 -8 ------- Run | Yrd Mat Min Mat Min Exi Min Mat Gar Mat Gar Active Infowar (turns) 5805 | 148 1087 713 439 . . . 2201 1217 . . Optics 3418 | . . . . . . . 2201 1217 . . Structural 417 | . . . 417 . . . . . . . Seismic 1970 | 148 1087 713 22 . . . . . . . Robot Analysis Total . | . . . . . . . . . . . Derelict Logs Recovered 4 | . . 2 . 2 . . . . . . Drone Launches . | . . . . . . . . . . . Drone Recoveries . | . . . . . . . . . . . Exploration | -11 -10 -10 -9 -9 -9 -8 -8 -8 -8 -8 ------------- Run | Yrd Mat Min Mat Min Exi Min Mat Gar Mat Gar Turns Passed 12584 | 266 1382 713 2656 736 347 600 2296 2236 474 878 Spaces Moved 5067 | 133 526 430 1138 347 219 310 754 744 135 331 Core 11 | 10 . . . . . . . . . 1 Treads 3642 | 123 526 . 623 116 1 310 734 744 135 330 Legs 285 | . . . 285 . . . . . . . Wheels 1129 | . . 430 230 231 218 . 20 . . . Hover . | . . . . . . . . . . . Flight . | . . . . . . . . . . . Fastest Speed 50 | 50 160 145 145 155 155 160 170 240 160 160 Average Speed 195 | 151 204 145 176 188 155 164 238 240 235 180 Slowest Speed 800 | 160 240 145 260 240 160 240 240 240 240 800 Overloaded Moves . | . . . . . . . . . . . Propulsion Burnouts . | . . . . . . . . . . . Robots Hopped . | . . . . . . . . . . . Potential Cave-ins . | . . . . . . . . . . . Cave-ins Triggered . | . . . . . . . . . . . Exploration Rate (%) 61 | 7 83 85 85 73 62 66 70 87 20 43 Regions Visited 10 Branch Regions 4 Pre-discovered Areas 4 | . . . . 1 . . 3 . . . Known Exits Taken 4 | . . 1 . . . 1 1 . 1 . Unknown Exits Taken 5 | 1 1 . 1 1 1 . . . . . Scrap Searched 2 | . . 1 . . . 1 . . . . Spaces Dug . | . . . . . . . . . . . Terrain Destroyed 156 | . . 73 . 24 . . 2 49 . 8 Melee . | . . . . . . . . . . . Projectile 2 | . . . . . . . 2 . . . AOE 154 | . . 73 . 24 . . . 49 . 8 Terrain Rammed . | . . . . . . . . . . . Walls Destroyed . | . . . . . . . . . . . Machines Disabled . | . . . . . . . . . . . Actions | -11 -10 -10 -9 -9 -9 -8 -8 -8 -8 -8 --------- Run | Yrd Mat Min Mat Min Exi Min Mat Gar Mat Gar Total 6719 | 173 734 483 1542 399 225 352 1101 998 224 488 Wait 666 | . 113 28 171 28 . 11 178 77 17 43 Move 5058 | 132 525 429 1137 346 218 309 754 742 135 331 Hop . | . . . . . . . . . . . Pick Up 118 | 11 20 1 28 2 3 . 25 13 4 11 Fast Attach 21 | 3 . . 13 . . . 3 2 . . Attach 45 | 4 3 3 10 2 . 1 7 3 . 12 Detach . | . . . . . . . . . . . Swap 82 | . 5 4 13 3 1 3 16 12 17 8 Drop 123 | . 7 . 39 1 2 3 34 18 12 7 Fire 559 | 9 60 18 127 15 1 25 82 112 35 75 Melee 6 | . . . . . . . . 6 . . Ram 4 | . . . 2 2 . . . . . . Kick . | . . . . . . . . . . . Crush 23 | 14 1 . 2 . . . 2 . 4 . Escape Stasis 8 | . . . . . . . . 8 . . Rewire 5 | . . . . . . . . 5 . . Trap 1 | . . . . . . . . . . 1 Miscellaneous . | . . . . . . . . . . . Route ------- -11/Scrapyard -10/Materials (discovered 5 exits: *Mat x3 / [*Min] / Sub) -10/Mines (discovered 2 exits: *Mat x2) -9/Materials (discovered 4 exits: *Mat x3 / [*Min]) -9/Mines -9/Exiles -8/Mines (discovered 2 exits: *Mat x2) -8/Materials (discovered 4 exits: *Fac x3 / Gar) -8/Garrison (discovered 3 exits: *Mat x3) -8/Materials -8/Garrison History --------- Turn | Location | Event 13 | -11/Scrapyard | Discovered new exit (range 14) 267 | -11/Scrapyard | Entered Materials 306 | -10/Materials | Build established: Mutant 510 | -10/Materials | Discovered new exit (range 3) 982 | -10/Materials | Discovered new exit (range 9) 1062 | -10/Materials | Discovered new exit (range 8) 1314 | -10/Materials | Learned Storage security intel 1385 | -10/Materials | Learned location of 2 exits from Subcaves 1444 | -10/Materials | Identified exit to Subcaves 1444 | -10/Materials | Identified exit to Materials 1529 | -10/Materials | Learned location of 2 exits from Subcaves 1647 | -10/Materials | Learned Storage emergency access door positions 1649 | -10/Materials | Entered Mines 1776 | -10/Mines | Assembled infested the area 1781 | -10/Mines | Assisted by a Guerilla fighting off Assembled 1849 | -10/Mines | Learned Materials terminal intel 1862 | -10/Mines | Learned Materials terminal intel 1946 | -10/Mines | Discovered exit to Materials (range 10) 1972 | -10/Mines | Discovered exit to Materials (range 10) 2165 | -10/Mines | Core integrity fell below 50% 2362 | -10/Mines | Entered Materials 2362 | -9/Materials | Evolved 2 slots: Propulsion x1, Weapon x1 2363 | -9/Materials | Loaded intel: 12 terminal locations 2690 | -9/Materials | Build established: Gunner 3069 | -9/Materials | Discovered new exit (range 17) 3627 | -9/Materials | Build established: Scavenger-Skirmisher 3768 | -9/Materials | Discovered new exit (range 5) 4045 | -9/Materials | Build established: Scavenger-Tank 4447 | -9/Materials | Discovered new exit (range 7) 4751 | -9/Materials | Identified exit to Materials 4751 | -9/Materials | Learned location of 1 exit from Materials 4853 | -9/Materials | Learned location of 2 exits from Materials 5018 | -9/Materials | Entered Mines 5025 | -9/Mines | Received a Rocket Launcher from a helpful Derelict 5173 | -9/Mines | Assisted by bots powering up and referring to "LRC-V3" 5253 | -9/Mines | Excavation squad dispatched 5253 | -9/Mines | A large section of the Mines collapsed 5503 | -9/Mines | Excavation squad dispatched 5583 | -9/Mines | Build established: Tank 5678 | -9/Mines | Learned location of Storage (-7) 5713 | -9/Mines | Learned 2 Materials zone layouts 5730 | -9/Mines | Learned Materials security intel 5742 | -9/Mines | Deemed a non-threat by the Exiles lab entrance 5742 | -9/Mines | Discovered new exit (range 5) 5754 | -9/Mines | Entered Exiles 5754 | -9/Exiles | Found Exiles lab abandoned 5754 | -9/Exiles | Accompanied by 1 ally 6087 | -9/Exiles | Discovered new exit (range 10) 6101 | -9/Exiles | Entered Mines 6101 | -8/Mines | Accompanied by 1 ally 6257 | -8/Mines | Core integrity fell below 50% 6282 | -8/Mines | Destroyed 7 combat bots 6286 | -8/Mines | Discovered exit to Materials (range 8) 6405 | -8/Mines | Build established: Scavenger-Tank 6412 | -8/Mines | Discovered exit to Materials (range 7) 6701 | -8/Mines | Entered Materials 6701 | -8/Materials | Evolved 2 slots: Utility x2 6702 | -8/Materials | Identified exit to Factory 6705 | -8/Materials | Loaded intel: 12 terminal locations 7859 | -8/Materials | Garrison activated, responded to threat 8078 | -8/Materials | Build established: Tank 8207 | -8/Materials | Learned Factory security intel 8303 | -8/Materials | Learned 4 Recycling zone layouts 8336 | -8/Materials | Learned location of Lower Caves (-7) 8358 | -8/Materials | Learned location of 3 exits from Factory 8389 | -8/Materials | Learned location of Extension (-4) 8419 | -8/Materials | Learned location of 1 exit from Recycling 8459 | -8/Materials | Learned Factory trap positions 8997 | -8/Materials | Identified exit to Garrison 8997 | -8/Materials | Entered Garrison 9085 | -8/Garrison | Triggered checkpoint 9131 | -8/Garrison | Garrison Relay disabled 9287 | -8/Garrison | Triggered checkpoint 9633 | -8/Garrison | Garrison Relay disabled 9738 | -8/Garrison | Phase Generator disabled 9832 | -8/Garrison | Installed Relay Interface Framework 10177 | -8/Garrison | Discovered new exit (range 9) 10197 | -8/Garrison | Build established: Bothacker-Tank 10409 | -8/Garrison | Triggered checkpoint 10454 | -8/Garrison | Garrison Relay disabled 10679 | -8/Garrison | Discovered new exit (range 14) 10785 | -8/Garrison | Build established: Bothacker-Mutant 10935 | -8/Garrison | Discovered new exit (range 15) 11060 | -8/Garrison | Lost 3 allies 11233 | -8/Garrison | Entered Materials 11233 | -8/Materials | Accompanied by 1 ally 11633 | -8/Materials | First assault squad dispatched 11666 | -8/Materials | Build established: Bothacker-Tank 11690 | -8/Materials | Core integrity fell below 50% 11707 | -8/Materials | Identified exit to Garrison 11707 | -8/Materials | Entered Garrison 11771 | -8/Garrison | Triggered checkpoint 11836 | -8/Garrison | Expanded RIF knowledge: Alert ID Control 11868 | -8/Garrison | Garrison Relay disabled 12303 | -8/Garrison | Triggered checkpoint 12520 | -8/Garrison | Spotted B-75 Beast 12573 | -8/Garrison | Core integrity fell below 20% 12585 | -8/Garrison | Destroyed by B-75 Beast with Heavy Plasma Cannon Last Messages --------------- 12531_ System corrupted: Enh. Autogun jammed. 12533_ Lgt. Nuclear Core destroyed. 12536_ System corrupted: Energy discharge (-35). 12539_ Hpw. Shotgun destroyed. 12546_ Lgt. Treads destroyed. 12546_ Med. Armor Plating destroyed. 12546_ Knocked back. 12547_ Acquired 10 matter. 12549_ Knocked back. 12553_ Acquired 6 matter. 12560_ Imp. Heat Sink destroyed. 12566_ Lgt. Nuclear Core destroyed. 12566_ Knocked back. 12566_ Hpw. Shotgun destroyed. 12567_ Acquired 1 matter. 12569_ Knocked back. 12575_ Triggered Fusion Bomb Trap. 12575_ An explosion rips through the floor. 12576_ Knocked back. 12576_ Hpw. Shotgun destroyed. Map ----- +----------------------------------------------------+ | ????"&&" " " #????????????????# [!#???###### | | ????"&&" " " #????????????????# [#????????? | | ???#""" """ ##################=![########## | | ???# * ! = =" | | ???# " ! [ != !+ | | ???# ^ ####! !##### [## #### #### | | ???# ^ #?#"" ""#??# ## #??# #??# | | ???# " #?#######??##"### #??# #??# | | ???# #???????????# #?# #??# #??# | | ???# " ##???????????# #?#^ ^#??# #??# | | ???#"&& &&" #?????######## #?#^ ^#??# #### | | ????"&&" "&&" #?????#"""" ## ### ####+# ##+ | | ????###########?????#" + | | ????????????????????#"""" ###### [ | | ????????????????????#######????# * | | ???????????????????????????????########## # * | | ????????????????????????????????????????###[ | | ????????????????????????????????????????# | | ????????????????????????????????????????# | | ?????????????????????##?????????????????# | | ????????????????????? #?????????????????# | | ???????????????###### #####?????????????###" | | ???????????????# ]]] [[[#?????########### " | | ???????????????# % +?????+ " | | ???????????????# !#?????# | | ???????????????## !%@ !#?????# ######## | | ???????????????# ! !!#?????# #??????## | | ???????????????# ###?????# #???????? | | ???????????????### #???????# #???????? | | ?????????????????## % #??????# #???????? | | ??????????????????### ##??????# #??????#? | | ?????????????????#### ^##???????# #????? #? | | ?????????????????#!!# ######### ##### ### | | ?????????????????# BB | | ?????????????????# BB | | ?????????????????#!!# ######## ###T#+#### | | ?????????????????#### ##???????# #??##????? | | ????????????????????# #????????# #????????? | | ????????????????????####????????# #????????? | | ????????????????????????????????# #????+???? | | ????????????????????????????????+ ????????? | | ????????????????????????????????# #????????? | | ????????????????????????????????# #????????? | | ???????????????????????????????? #????????? | | ????????????????????????????????# #????????? | | ?????????????????????????????+??# ?????????? | | ????????????????????????????????? ?????????? | | ????????????????????????????????? +???+????? | | ?????????????????????????????+???##?????????? | | ????????????????????????????????????????????? | +----------------------------------------------------+ Best States ------------- Heat Dissipation 45 Energy Generation 14 Energy Capacity 280 Matter Stores 300 Matter Capacity 300 Sight Range 20 Terrain Scan Density 10 Armor Coverage 450 Evasion (%) 50 Targeting Accuracy 6 Recoil Reduction 3 Relay Coupler Types 2 Relay Coupler Value 35 Item Schematics ----------------- None Robot Schematics ------------------ None Fabricated ------------ Nothing Repaired ---------- Nothing Alien Tech Used ----------------- None Achievements -------------- None Challenges ------------ None Game ------ Seed PortableSpliceReconstructor Manual? 0 Play Time 01:13:50 Cumulative 192.6 hours Start 2025.09.24 @ 11:28:59 End 2025.09.24 @ 20:02:39 Sessions 5 Manual Loads 0 Difficulty Rogue Special Mode None Game No. 259 Rogue 259 Adventurer 0 Explorer 0 Win Type - Total 3 Types 2/0/0/1/0/0/0/0/0/0 Lore% 73 Gallery% 72 Achievement% 62 Wizard Run 0 Options --------- Layout 0 ASCII 0 Keyboard 0 Movement Mouse Keybinds 0 Fullscreen 1 Font 16/SmallcapsGlow Map View 75x55 Zoom Use 0% Tactical HUD 1 Map Filters NONE Filters NONE Steam 1 RUN: 501d1211-1c85-4172-8c7c-29c1c569bbf5